Celery, neutral female gnomish Tourist --------------- ------- |..............######---------- |%!]mGd# |.........{..<| #|.........# |[?*?@|# #+..............######|........|######### ...| |?%*!.|# ###-------------.- #|........|# # .......| |/*!(.|# # # #|......---# ##%#........- -------# ### # ##.......| # # # -------- # # # ##|......| ### # ### ### ####--------# # # ### # # # ############### # -----# ### ### # ##....-# # # |.>.| ---|-- ### |....# |....| # -----#############..>..%## |....| |....| ------ Celery the Sightseer Experience level: 3 Strength: 11 Dexterity: 11 Constitution: 15 Intelligence: 11 Wisdom: 9 Charisma: 18 Health: 0(27) Energy: 13(13) Def: 6 Gold: 535 Moves: 1288 Dungeon seed: STWhFd7piRuj62QR Game ID: Celery_1467832960 Your Inventory: Coins $ - 535 gold pieces Amulets W - an uncursed amulet versus poison (being worn) Weapons a - 43 blessed +2 darts (in quiver) q - a blessed +2 aklys (weapon in hand) Armor e - an uncursed +0 Hawaiian shirt (being worn) y - an uncursed +0 elven mithril-coat (being worn) O - an uncursed +0 orcish helm (being worn) Comestibles b - an uncursed orange c - 2 uncursed fortune cookies d - 2 uncursed tins of lichen g - 5 uncursed tripe rations h - an uncursed tin of jackal meat i - an uncursed cream pie r - 5 uncursed food rations C - 2 uncursed cram rations Scrolls l - 5 uncursed scrolls of magic mapping z - an uncursed scroll of enchant weapon E - a cursed scroll of identify F - a cursed scroll of gold detection H - a cursed scroll of create monster J - an uncursed scroll of identify Potions j - an uncursed potion of extra healing G - an uncursed potion of fruit juice Rings L - an uncursed ring of shock resistance (on left hand) Wands o - a blessed wand of secret door detection (0:13) Tools f - an uncursed skeleton key m - an uncursed expensive camera (0:73) n - an uncursed credit card p - an uncursed leash Gems M - an uncursed worthless piece of yellowish brown glass N - 2 uncursed worthless pieces of white glass Y - an uncursed worthless piece of green glass Z - an uncursed worthless piece of red glass Spells and supernatural/magical abilities: Name Level Category Fail Memory W - pray for help -- divine ? -- Your skills at the end: Miscellaneous Skills wands [Basic] Weapon Skills club [Basic] dart [Basic] Spellcasting Skills Final Attributes: You were devoutly aligned. You were shock resistant. You were poison resistant. You had infravision. You were held by a large mimic. You are dead. Vanquished creatures: a coyote a gas spore an acid blob 3 geckos 2 giant rats a brown mold a yellow mold a green mold a gnome zombie 5 jackals a fox a kobold 3 newts 3 goblins 2 grid bugs a lichen 28 creatures vanquished. Voluntary challenges: You used a wielded weapon 15 times, starting on turn 327. You did not apply a unicorn horn. You were illiterate. You never genocided any monsters. You never polymorphed an object. You never changed form. You used no wishes. You never split a pudding. You never wrote Elbereth's name. You never violated your personal moral code. Dungeon overview: The Dungeons of Doom: levels 1 to 3 Level 1 many fountains a long staircase Level 2 a fountain Level 3 <- You were here a general store, a fountain a long staircase History has recorded: On T:1 you entered the Dungeons of Doom to retrieve the Amulet of Yendor! On T:355 you advanced to experience level 2. On T:436 you reached level 2 of The Dungeons of Doom. On T:956 you reached level 3 of The Dungeons of Doom. On T:1024 you advanced to experience level 3. Score breakdown: Gold: 84 ( 8 points) Experience: 3 levels ( 200 points) Exploration: 3 levels ( 60 points) Discoveries: 0 items ( 0 points) Variety of kills: 16 monsters ( 800 points) Major goal: (nothing yet) ( 0 points) Survival: died (score multiplied by 3) Total score: 3204 Latest messages: "Aloha, Celery! Welcome again to Asidonhopo's general store!" Wait! That's a large mimic! The large mimic claws you! You are now wearing an iron ring. You are now wearing a spherical amulet. You hear the splashing of a naiad. You hit the large mimic. (2x) The large mimic claws you! You hit the large mimic. You hit the large mimic! You hit the large mimic. (2x) The large mimic claws you! You begin praying to The Lady. You are surrounded by a shimmering light. You feel that The Lady is well-pleased. You feel more balanced. Your aklys softly glows with a light blue aura. The large mimic claws you! You die... Asidonhopo gratefully inherits all your possessions. Final status: Aloha Celery the Tourist, killed by a large mimic... You died in The Dungeons of Doom on dungeon level 3 with 3204 points, and 535 pieces of gold, after 1288 moves. You were level 3 with a maximum of 27 hit points when you died.